Description

Strong but easy two base timing in specifically design for tvt. while it is an all in, if you get damage you have potential to macro out of it.

VOD

https://youtu.be/uVgJOTR9yRU

Replay - TvT 2 Base All In

Build Order

Get SALT Encoding   

  6  0:00  SCV  
  13  0:12  SCV  
  14  0:17  Supply Depot  
  14  0:24  SCV  
  15  0:38  SCV  
  15  0:39  Barracks  
  16  0:43  Refinery  
  16  0:51  SCV  
  17  1:03  SCV  
  18  1:15  SCV  
  19  1:26  Reaper  
  19  1:27  Orbital Command  
  20  1:41  Command Center  
  20  1:53  Supply Depot, SCV  
  21  1:58  Marine  
  22  2:05  SCV  
  23  2:09  Factory  
  23  2:17  SCV  
  23  2:19  Bunker  
  23  2:22  Barracks Reactor  
  24  2:29  Refinery  
  26  2:55  Starport, Hellion  
  29  2:58  Marine x2  
  29  3:03  Orbital Command  
  32  3:18  Factory Tech Lab  
  32  3:19  Marine x2  
  35  3:33  Starport Tech Lab, Refinery  
  37  3:34  Supply Depot  
  37  3:39  Siege Tank  
  40  3:43  Marine x2  
  45  3:57  Refinery  
  45  3:58  Supply Depot  
  45  4:01  Raven  
  48  4:06  Marine x2  
  52  4:20  Supply Depot, Siege Tank  
  56  4:27  Marine  
  62  4:54  Siege Tank  
  62  4:56  Viking  
  68  5:02  Viking  
  68  5:05  Stimpack  
  75  5:30  Barracks x2, Siege Tank  
  75  5:33  Viking x2  
  84  6:05  Siege Tank  
  84  6:07  Viking x2  
  91  6:17  Barracks Reactor x2  
  92  6:22  Engineering Bay x2  
  92  6:36  Command Center  
  92  6:37  Viking  
  95  6:41  Siege Tank  
  95  6:45  Liberator  
  113  7:25  Barracks x2  
  124  7:42  Armory  
Spawning Tool Build Advisor. Get it on Overwolf

Go to:

Details

  • Created by: driftsc2
  • Published on: Feb 17, 2021
  • Modified on: Feb 18, 2021
  • Patch: 4.11.0
  • Difficulty: Easy
Show
View Real Time Build Order
Export as new Build Order

Comments (0)

There are no comments. Be the first!

Create an account to comment!